 Dungeon Crawl Stone Soup version 0.29.1-1-gd02db6906a (webtiles) character file.

Game seed: 3186454024231015692

15654 sentinel the Geomancer (level 12, 0/91 HPs)
             Began as a Meteoran Earth Elementalist on Sept 30, 2022.
             Was an Elder of Cheibriados.
             Slain by a swamp worm (19 damage)
             ... on level 3 of the Swamp.
             The game lasted 00:52:24 (1972 turns).

sentinel the Geomancer (MeEE)                       Turns: 1972, Time: 00:52:25

Health: 0/91       AC:  4    Str: 17 (20) XL:     12   Next: 97%
Magic:  2/27       EV: 13    Int: 30 (33) God:    Cheibriados [****..]
Gold:   0          SH:  0    Dex: 23 (24) Spells: 6/31 levels left

rFire   + . .      SeeInvis .     - Unarmed
rCold   + . .      Faith    +   (no shield)
rNeg    . . .      Spirit   .   v - +2 robe of Defiance {rElec rC+}
rPois   +          Reflect  .   (no helmet)
rElec   +          Harm     .   (no cloak)
rCorr   +          Rampage  .   (no gloves)
Will    +....                   (no boots)
Stlth   +.........              u - amulet of faith
HPRegen 0.25/turn               i - ring "Ofayvu" {+Blink rPois rF+ Int+3}
MPRegen 0.20/turn               k - ring of resist corrosion

@: wereblooded, glowing, very slow
A: sense surroundings 2, otherworldly, glowing, explore regen
a: Renounce Religion, Evoke Blink, Bend Time, Temporal Distortion, Slouch


You were on level 3 of the Swamp.
You worshipped Cheibriados.
Cheibriados was greatly pleased with you.
You visited 4 branches of the dungeon, and saw 18 of its levels.

Inventory:

Hand Weapons
 m - a +3 sling of freezing
Armour
 a - a +1 robe
 d - a +3 leather armour
 l - +0 steam dragon scales
 v - the +2 robe of Defiance (worn) {rElec rC+}
   (You found it on level 10 of the Dungeon)

   rC:        It protects you from cold.
   rElec:     It insulates you from electricity.
Magical Staves
 h - a staff of death {!a}
Jewellery
 c - a ring of protection from cold
 e - an amulet of regeneration
 i - the ring "Ofayvu" (left hand) {+Blink rPois rF+ Int+3}
   (You acquired it on level 5 of the Dungeon)

   [ring of protection from fire]

   Int:       It affects your intelligence (+3).
   rF:        It protects you from fire.
   rPois:     It protects you from poison.
   +Blink:    It lets you blink.
 k - a ring of resist corrosion (right hand)
 u - an amulet of faith (around neck)
Wands
 V - a wand of flame (14)
Scrolls
 f - a scroll of fog
 p - a scroll of enchant armour
 s - a scroll of fear
 y - a scroll of enchant weapon
Potions
 b - a potion of magic
 j - a potion of curing {unknown}
 n - a potion of resistance
 o - a potion of might {unknown}
 q - a potion of ambrosia {unknown}
 r - 2 potions of lignification
 w - 2 potions of heal wounds


   Skills:
 - Level 4.0 Fighting
 - Level 9.1 Ranged Weapons
 - Level 2.4 Dodging
 - Level 1.4 Stealth
 + Level 9.3 Unarmed Combat
 - Level 10.0 Spellcasting
 - Level 5.0 Conjurations
 - Level 3.0 Translocations
 - Level 7.0 Transmutations
 - Level 10.0 Earth Magic
 - Level 7.0 Invocations
 - Level 7.0 Evocations


You had 6 spell levels left.
You knew the following spells:

 Your Spells              Type           Power      Damage    Failure   Level
a - Sandblast             Erth           100%       2d20      1%          1
b - Stone Arrow           Conj/Erth      100%       3d13      1%          3
c - Passwall              Tmut/Erth      50%        N/A       1%          2
d - Summon Small Mammal   Summ           60%        N/A       3%          1
e - Leda's Liquefaction   Hex/Erth       22%        N/A       4%          4
f - Wereblood             Tmut           54%        N/A       1%          2
g - Apportation           Tloc           66%        N/A       1%          1
l - Lee's Rapid Deconstr  Erth           33%        3d18*     1%          5
Y - Statue Form           Tmut/Erth      40%        N/A       16%         6

Your spell library contained the following spells:

 Spells                   Type           Power      Damage    Failure   Level
 Beastly Appendage        Tmut           100%       N/A       1%          1
 Petrify                  Tmut/Erth      60%        N/A       1%          4
 Spider Form              Tmut/Pois      36%        N/A       2%          3
 Necrotise                Necr           60%        1d7       3%          1


Dungeon Overview and Level Annotations

Branches:
Dungeon (11/15) Zot: 7390  Temple (1/1) D:6 Zot: 803    Lair (3/5) D:11 Zot: 2494
  Swamp (3/4) Lair:3 Zot: 2529
  Snake: Lair:2-3    Spider: Lair:2-3       Orc: D:9-12

Altars:
Cheibriados
Fedhas
Gozag
Hepliaklqana
Okawaru
Ru
Vehumet
Yredelemnul

Shops:
D:1 *   D:4 *

Annotations:
D:6 Dowan, Duvessa
D:10 2 transporters, EvilAshe's ghost, novice HuFi
D:11 2 transporters, t4s4d4r's ghost, journeyman DsGl


Innate Abilities, Weirdness & Mutations

You passively map the area around you.
You are easily found by Zot.
You glow in the dark.
You regain HP and MP as you explore.


Message History

n - a potion of resistance;
o - a coppery potion It was a potion of degeneration.
There was something very wrong with that liquid.
You feel weakened.
You feel dopey.
You feel clumsy.
You drop a potion of degeneration.
You enter the shallow water.
Moving in this stuff is going to be slow.
You enter the shallow water.
Moving in this stuff is going to be slow.
Your transformation is almost over.
Casting: Apportation (safe; 1% risk of failure)
Confirm with . or Enter, or press ? or * to list all spells.
You extend your transformation's duration.
An eleionoma and a tyrant leech come into view.
The eleionoma shouts!
Casting: Statue Form (dangerous; 16% risk of failure)
Confirm with . or Enter, or press ? or * to list all spells.
Aiming: Stone Arrow (safe; 1% risk of failure)
Press: ? - help, Shift-Dir - straight line, f - tyrant leech
Aim: a tyrant leech (63% to hit)
Okay, then.
Casting: Stone Arrow (safe; 1% risk of failure)
Confirm with . or Enter, or press ? or * to list all spells.
Your blood is infused with primal strength.
Casting: Wereblood (safe; 1% risk of failure)
Confirm with . or Enter, or press ? or * to list all spells.
Aiming: Stone Arrow (safe; 1% risk of failure)
Press: ? - help, Shift-Dir - straight line, f - tyrant leech
Aim: a tyrant leech (63% to hit)
The stone arrow hits the tyrant leech!
The tyrant leech is moderately wounded.
The eleionoma flows through the trees.
The tyrant leech bites you!
Your transformation is almost over.
The eleionoma hits you. The tyrant leech bites you.
Casting: Stone Arrow (safe; 1% risk of failure)
Confirm with . or Enter, or press ? or * to list all spells.
Aiming: Stone Arrow (safe; 1% risk of failure)
Press: ? - help, Shift-Dir - straight line, f - eleionoma, p - tyrant leech
Aim: an eleionoma (78% to hit)
Okay, then.
Okay, then.
The flow of time bends around you.
Cheibriados rebukes the tyrant leech.
The tyrant leech seems to slow down.
Cheibriados rebukes the eleionoma.
The eleionoma seems to slow down.
You can no longer inflict damage on those overly hasty.
Cheibriados lowers the support of your attributes as your movement quickens.
The eleionoma barely misses you.
The tyrant leech bites you but does no damage.
Casting: Stone Arrow (safe; 1% risk of failure)
Confirm with . or Enter, or press ? or * to list all spells.
Aiming: Stone Arrow (safe; 1% risk of failure)
Press: ? - help, Shift-Dir - straight line, f/p - tyrant leech
Aim: a tyrant leech (moderately wounded, slow, 63% to hit)
Okay, then.
Press: ? - help, v - describe, . - travel
Here: a tyrant leech (moderately wounded, slow)
The floor.
Casting: Stone Arrow (safe; 1% risk of failure)
Confirm with . or Enter, or press ? or * to list all spells.
Aiming: Stone Arrow (safe; 1% risk of failure)
Press: ? - help, Shift-Dir - straight line, f - eleionoma, p - tyrant leech
Aim: an eleionoma (slow, 78% to hit)
The stone arrow misses the eleionoma.
The eleionoma hits you but does no damage.
Casting: Stone Arrow (safe; 1% risk of failure)
Confirm with . or Enter, or press ? or * to list all spells.
Aiming: Stone Arrow (safe; 1% risk of failure)
Press: ? - help, Shift-Dir - straight line, f/p - eleionoma
Aim: an eleionoma (slow, 78% to hit)
The stone arrow hits the eleionoma!
The eleionoma is lightly wounded.
The eleionoma closely misses you.
The tyrant leech bites you but does no damage.
Casting: Stone Arrow (safe; 1% risk of failure)
Confirm with . or Enter, or press ? or * to list all spells.
Aiming: Stone Arrow (safe; 1% risk of failure)
Press: ? - help, Shift-Dir - straight line, f/p - eleionoma
Aim: an eleionoma (lightly wounded, slow, 78% to hit)
The stone arrow hits the eleionoma!!
The eleionoma is heavily wounded.
The tyrant leech is no longer moving slowly.
The eleionoma closely misses you. The tyrant leech bites you!
You punch the eleionoma!
The eleionoma is heavily wounded.
You start to feel less resistant.
The eleionoma is no longer moving slowly.
The eleionoma barely misses you. The tyrant leech bites you!
You pummel the eleionoma!!
The eleionoma is severely wounded.
The eleionoma hits you but does no damage.
The tyrant leech closely misses you.
The eleionoma hurls a spray of splinters at you.
The spray of wooden splinters misses you.
You punch the eleionoma!
The eleionoma is almost dead.
The tyrant leech bites you!
The eleionoma hits you but does no damage.
You punch the eleionoma!
You feel a bit better.
You kill the eleionoma!
Cheibriados thoroughly appreciates the change of pace.
You can now inflict damage on those overly hasty.
Cheibriados raises the support of your attributes as your movement slows.
An eleionoma bone magically twists into a copper wand.
You revert to your normal fleshy form.
The +2 robe of Defiance {rElec rC+} unmelds from your body.
The tyrant leech bites you!!
The tyrant leech draws strength from your injuries!
Your Unarmed Combat skill increases to level 9!
You blink.
A swamp worm comes into view.
Your resistance to elements expires.
Okay, then.
Okay, then.
Okay, then.
Aiming: Throw Flame
Press: ? - help, Shift-Dir - straight line, f - swamp worm
Aim: a swamp worm (asleep, 100% to hit)
The puff of flame hits the swamp worm!
The swamp worm is moderately wounded.
The swamp worm is engulfed in a cloud of scalding steam.
Casting: Stone Arrow (safe; 1% risk of failure)
Confirm with . or Enter, or press ? or * to list all spells.
Aiming: Stone Arrow (safe; 1% risk of failure)
Press: ? - help, Shift-Dir - straight line, f/p - swamp worm
Aim: a swamp worm (steam, heavily wounded, 72% to hit)
The stone arrow misses the swamp worm.
You howl as the wereblood boils in your veins!
The tyrant leech bites you but does no damage.
The swamp worm is engulfed in a cloud of scalding steam.
The swamp worm fires a harpoon shot at you.
The harpoon shot hits you!
You are yanked forward by the harpoon shot.
Okay, then.
Okay, then.
Press: ? - help, v - describe, . - travel
Here: a swamp worm (steam, heavily wounded) Some shallow water.
Casting: Stone Arrow (safe; 1% risk of failure)
Confirm with . or Enter, or press ? or * to list all spells.
Aiming: Sandblast (safe; 1% risk of failure)
Press: ? - help, Shift-Dir - straight line, f/p - swamp worm
Aim: a swamp worm (steam, heavily wounded, 82% to hit)
The blast of sand hits the swamp worm.
The swamp worm is severely wounded.
You feel stable enough to blink again.
The swamp worm is engulfed in a cloud of scalding steam.
The swamp worm bites you!!
You die...

.~~.~ * ♣♣§~~...~~.
~ ♣.~§~..~~~~* ~
♣.~~~~~.~.♣ * ~
♣§~~~~~..♣
*♣.~~~~~♣♣♣♣♣♣♣♣**,
♣♣§.~~~~....~~.♣ ,
♣♣§...~§~./..~~~♣ ~
♣.§w@..w.~...~~.♣
♣.§~.....~~§~~~.♣ *
♣~..~♣.(.~§~~~~.♣
♣♣.§♣♣♣♣.~~~~~~.♣♣
♣♣♣♣♣♣♣~~~†...~~♣♣
♣.~...~~.~~~...♣
♣.†~..<..~~~.♣♣♣
♣<.~♣..~...~.♣
♣~.~♣♣♣♣♣♣♣♣♣♣


You could see a tyrant leech and a swamp worm.

Vanquished Creatures
  A bunyip (Swamp:2)
  An eleionoma (Swamp:3)
  Harold (D:10)
  A boulder beetle (D:11)
  A hydra (D:11)
  An alligator (Swamp:3)
  4 two-headed ogres
  3 bog bodies (Lair:3)
  An ugly thing (D:11)
  A cyclops (D:10)
  Maggie (D:8)
  A komodo dragon (Lair:3)
  2 trolls
  2 hornets
  A tyrant leech (Swamp:3)
  A wraith (D:10)
  A shadow (D:10)
  A spriggan (Swamp:2)
  3 wyverns
  2 basilisks (D:11)
  2 steam dragons
  An acid dragon (D:10)
  3 swamp worms
  4 water moccasins
  A sky beast (D:7)
  3 orc warriors (D:7)
  2 ice beasts (D:7)
  3 black bears
  4 centaurs
  2 kobold brigands
  4 bullfrogs
  3 necrophages
  4 scorpions
  11 wights
  2 killer bees (D:7)
  An electric eel (Lair:3)
  6 howler monkeys
  2 orc priests
  A jelly (D:6)
  A gnoll bouda (D:7)
  4 iguanas
  7 orc wizards
  A human simulacrum (D:9)
  2 shadow imps (D:7)
  3 white imps
  27 orcs
  3 ball pythons (D:1)
  2 endoplasms
  A giant cockroach (D:3)
  2 goblins
  A hobgoblin (D:1)
  4 jackals (D:1)
  15 kobolds
  4 bats
  3 rats
169 creatures vanquished.

Vanquished Creatures (collateral kills)
  A sky beast (D:7)
  A wight (D:9)
  A human simulacrum (D:9)
3 creatures vanquished.

Vanquished Creatures (others)
  4 fungi
  19 plants (D:11)
23 creatures vanquished.

Grand Total: 195 creatures vanquished

Notes
Turn   | Place    | Note
-------+----------+-------------------------------------------
     0 | D:1      | sentinel the Meteoran Earth Elementalist began the quest
                  | for the Orb.
     0 | D:1      | Reached XP level 1. HP: 14/14 MP: 5/5
    17 | D:1      | Learned a level 1 spell: Apportation
    19 | D:1      | Learned a level 1 spell: Summon Small Mammal
    64 | D:1      | Reached skill level 1 in Translocations
    64 | D:1      | Reached XP level 2. HP: 20/20 MP: 2/6
    68 | D:1      | Learned a level 2 spell: Passwall
   122 | D:1      | Found Liphookh's Assorted Antiques.
   134 | D:1      | You fall into a shaft and drop 1 floor!
   139 | D:2      | Reached XP level 3. HP: 26/26 MP: 6/8
   225 | D:4      | Found Duanki's Assorted Antiques.
   254 | D:4      | Reached skill level 1 in Conjurations
   254 | D:4      | Reached XP level 4. HP: 33/33 MP: 5/9
   258 | D:4      | Learned a level 3 spell: Stone Arrow
   279 | D:4      | You fall into a shaft and drop 1 floor!
   279 | D:5      | Entered Level 5 of the Dungeon
   281 | D:5      | Noticed a phantom
   282 | D:5      | Noticed an ice beast
   286 | D:5      | Noticed an ogre
   297 | D:5      | Identified a scroll of acquirement
   342 | D:6      | Found an opulent altar of Gozag.
   359 | D:7      | Noticed a sky beast
   368 | D:7      | Killed a sky beast
   369 | D:7      | Reached XP level 5. HP: 23/38 MP: 3/10
   398 | D:6      | Reached skill level 5 in Earth Magic
   398 | D:6      | Reached XP level 6. HP: 45/45 MP: 6/11
   480 | D:7      | Reached skill level 5 in Conjurations
   480 | D:7      | Reached XP level 7. HP: 50/50 MP: 5/12
   545 | D:7      | Noticed a wyvern
   548 | D:7      | Killed a wyvern
   549 | D:7      | Reached skill level 5 in Spellcasting
   549 | D:7      | Reached XP level 8. HP: 56/57 MP: 1/16
   556 | D:6      | Acquired the ring "Ofayvu" {+Blink rPois rF+ Int+3}
   564 | D:6      | Noticed Duvessa
   564 | D:6      | Noticed Dowan
   590 | D:8      | Noticed a wyvern
   599 | D:7      | Reached skill level 1 in Fighting
   599 | D:7      | Reached skill level 1 in Evocations
   656 | D:7      | Found a hazy altar of Hepliaklqana.
   659 | D:7      | Gained mutation: You passively map the area around you.
                  | [Meteoran growth]
   659 | D:7      | Reached XP level 9. HP: 66/68 MP: 15/20
   709 | D:7      | Noticed a troll
   731 | D:6      | Reached skill level 5 in Evocations
   734 | D:6      | Found a staircase to the Ecumenical Temple.
   744 | Temple   | Entered the Ecumenical Temple
   780 | Temple   | Became a worshipper of Cheibriados the Contemplative
   925 | D:7      | Reached skill level 1 in Ranged Weapons
   957 | D:7      | Killed a troll
   964 | D:7      | Reached XP level 10. HP: 75/78 MP: 1/21
   981 | D:7      | Reached skill level 5 in Ranged Weapons
  1063 | D:8      | Reached * piety under Cheibriados
  1125 | D:8      | Noticed Maggie
  1127 | D:8      | Killed Maggie
  1141 | D:8      | Learned a level 5 spell: Lee's Rapid Deconstruction
  1167 | D:10     | Entered Level 10 of the Dungeon
  1228 | D:9      | Found a blossoming altar of Fedhas.
  1277 | D:9      | Reached ** piety under Cheibriados
  1284 | D:9      | Noticed a two-headed ogre
  1290 | D:9      | Killed a two-headed ogre
  1291 | D:9      | Reached XP level 11. HP: 84/84 MP: 10/23
  1314 | D:10     | Learned a level 4 spell: Leda's Liquefaction
  1321 | D:10     | Learned a level 6 spell: Statue Form
  1357 | D:10     | Noticed a two-headed ogre
  1361 | D:10     | Killed a two-headed ogre
  1379 | D:10     | Found a transporter.
  1379 | D:10     | Noticed EvilAshe's ghost (novice HuFi)
  1379 | D:10     | Noticed a cyclops
  1385 | D:10     | Noticed a two-headed ogre
  1391 | D:10     | Killed a two-headed ogre
  1398 | D:10     | Noticed a cyclops
  1415 | D:10     | Found a transporter.
  1465 | D:10     | Identified the +2 robe of Defiance {rElec rC+}
  1516 | D:9      | Noticed a two-headed ogre
  1521 | D:9      | Killed a two-headed ogre
  1523 | D:9      | Reached skill level 10 in Earth Magic
  1523 | D:9      | Found a radiant altar of Vehumet.
  1530 | D:9      | Reached skill level 10 in Spellcasting
  1551 | D:10     | Noticed Harold
  1560 | D:10     | Noticed a cyclops
  1563 | D:10     | Killed Harold
  1578 | D:10     | Killed a cyclops
  1579 | D:10     | Reached skill level 5 in Transmutations
  1605 | D:11     | Noticed a boulder beetle
  1607 | D:11     | Noticed a six-headed hydra
  1613 | D:11     | Noticed a green ugly thing
  1618 | D:11     | Killed a six-headed hydra
  1619 | D:11     | Reached skill level 1 in Unarmed Combat
  1634 | D:11     | Noticed t4s4d4r's ghost (journeyman DsGl)
  1639 | D:11     | Reached *** piety under Cheibriados
  1651 | D:11     | Found a transporter.
  1664 | D:11     | Found a transporter.
  1666 | D:11     | Reached skill level 1 in Invocations
  1682 | D:11     | Killed a green ugly thing
  1683 | D:11     | Reached XP level 12. HP: 91/91 MP: 15/27
  1759 | D:11     | Killed a boulder beetle
  1767 | D:11     | Found a staircase to the Lair.
  1778 | Lair:1   | Entered Level 1 of the Lair of Beasts
  1778 | Lair:1   | Noticed a four-headed hydra
  1782 | Lair:1   | You fall into a shaft and drop 1 floor!
  1805 | Lair:3   | Reached skill level 5 in Invocations
  1832 | Lair:3   | Noticed a bog body
  1835 | Lair:3   | Killed a bog body
  1835 | Lair:3   | Reached **** piety under Cheibriados
  1836 | Lair:3   | Reached skill level 5 in Unarmed Combat
  1836 | Lair:3   | Noticed a bog body
  1842 | Lair:3   | Killed a bog body
  1850 | Lair:3   | Found a staircase to the Swamp.
  1850 | Lair:3   | Noticed a bog body
  1855 | Lair:3   | Killed a bog body
  1868 | Lair:3   | Learned a level 2 spell: Wereblood
  1882 | Swamp:1  | Entered Level 1 of the Swamp
  1900 | Swamp:2  | Noticed a bunyip
  1900 | Swamp:2  | Noticed a spriggan rider
  1905 | Swamp:2  | Noticed an eleionoma
  1907 | Swamp:2  | Noticed a six-headed hydra
  1908 | Swamp:2  | Noticed a swamp dragon
  1910 | Swamp:2  | Killed a bunyip
  1913 | Swamp:2  | Noticed a seven-headed hydra
  1913 | Swamp:2  | Noticed a seven-headed hydra
  1914 | Swamp:2  | Noticed a seven-headed hydra
  1927 | Swamp:3  | Noticed an alligator
  1932 | Swamp:3  | Killed an alligator
  1941 | Swamp:2  | Noticed a spriggan rider
  1957 | Swamp:3  | Noticed an eleionoma
  1968 | Swamp:3  | Killed an eleionoma
  1972 | Swamp:3  | Slain by a swamp worm

Illustrated notes

Levels and vault maps discovered:
D:1:      lordsloth_arrival_two_stooges, layout_rooms, serial_shops,
          nicolae_shop_statue_plus, dilly_ecumenical_altar_fadedgnrine
D:2:      layout_basic, kennysheep_nub
D:3:      layout_rooms
D:4:      layout_basic, serial_shops, nicolae_shop_overgrown_old_shop
D:5:      layout_cave_pools, uniq_prince_ribbit1, uniq_sigmund, uniq_pikel
D:6:      layout_basic, kennysheep_mini_moat, minmay_temple_entry_glassed_door,
          uniq_duvessa
D:7:      minmay_polygon_palace, layout_cave_pools,
          mainiacjoe_overflow_concentric_impassable
D:8:      cheibrodos_helix_gallery, layout_loops_ring, uniq_psyche, uniq_maggie,
          uniq_erica
D:9:      layout_grid_maze, vehumet_crystals, fedhas_ov_isle_minmay,
          bh_circular_ruins
D:10:     layout_gridville, nzn_ghost_randoct, uniq_gastronok, uniq_nergalle,
          uniq_harold
D:11:     layout_rooms, minmay_lair_entry_grove, serial_shops, shop,
          gammafunk_ghost_stat_death, minmay_misc_feat_plants
Temple:   dpeg_five_rooms_temple
Lair:1:   layout_regular_city, nicolae_volcano_entry_hallway, st_stairs_3,
          nicolae_lair_lindhole, serial_bayou_shore_a, serial_bayou_shore_b
Lair:2:   layout_regular_city, gammafunk_ghost_necromancy,
          cheibrodos_lair_reptile_den, lemuel_fruit_tree, grunt_megastairs_5
Lair:3:   layout_regular_city, nicolae_swamp_entry_splash_gauntlet,
          dummy_spider_entry, uniq_amaemon
Swamp:1:  layout_basic_swamp, evilmike_swamp_ruin_house_2, uniq_louise
Swamp:2:  layout_basic_swamp, evilmike_swamp_ruin_rubble_2, swamp_pool2,
          st_swamp_ruins_1, uniq_nikola
Swamp:3:  layout_basic_swamp, hangedman_swamp_ruin_wall

Skill      XL: |  1  2  3  4  5  6  7  8  9 10 11 12 |
---------------+-------------------------------------+-----
Translocations | 1 2 3 |  3.0
Earth Magic    | 4 5 7 8 10 | 10.0
Spellcasting   | 3 5 7 10 | 10.0
Conjurations   | 1 3 5 |  5.0
Fighting       | 2 4 |  4.0
Evocations     | 2 7 |  7.0
Ranged Weapons | 4 9 |  9.1
Transmutations | 7 |  7.0
Unarmed Combat | 2 9 |  9.3
Invocations    | 2 7 |  7.0
Dodging        | |  2.4
Stealth        | |  1.4

Action                   |  1- 3 |  4- 6 |  7- 9 | 10-12 || total
-------------------------+-------+-------+-------+-------++-------
Melee: Sling             |       |       |     1 |       ||     1
       Unarmed           |       |       |       |    13 ||    13
 Fire: Sling             |     4 |     2 |     8 |     7 ||    21
 Cast: Sandblast         |    30 |    24 |    58 |    52 ||   164
       Apportation       |     6 |    17 |     3 |    14 ||    40
       Passwall          |     1 |     4 |     2 |    26 ||    33
       Summon Small Mamm |       |     2 |       |     2 ||     4
       Stone Arrow       |       |     1 |    24 |    98 ||   123
       Lee's Rapid Decon |       |       |       |    14 ||    14
       Statue Form       |       |       |       |     7 ||     7
       Leda's Liquefacti |       |       |       |     2 ||     2
       Wereblood         |       |       |       |     2 ||     2
Invok: Bend Time         |       |       |       |     1 ||     1
       Slouch            |       |       |       |     1 ||     1
 Abil: Evoke Blink       |       |       |       |     4 ||     4
Evoke: Wand              |       |       |    17 |    24 ||    41
  Use: Scroll            |       |     6 |     5 |     5 ||    16
       Potion            |       |       |       |     5 ||     5
Armor: Leather armour    |     8 |     5 |    36 |     9 ||    58
       Skin              |       |       |       |    86 ||    86
       Robe              |       |       |       |     5 ||     5
Dodge: Dodged            |    12 |     5 |    28 |   100 ||   145
